 Dungeon Crawl Stone Soup version 0.28-a0-1493-g08698888e4 (webtiles) character file.

Game seed: 12164635711075695415

35 HallandMoats the Skirmisher (level 3, -3/33 HPs)
             Began as a Ghoul Fighter on Jan 12, 2022.
             Was a Follower of Trog.
             Slain by an orc priest (5 damage)
             ... on level 3 of the Dungeon.
             The game lasted 00:02:13 (1474 turns).

HallandMoats the Skirmisher (Ghoul Fighter)         Turns: 1474, Time: 00:02:14

Health: -3/33      AC:  6    Str: 21    XL:     3   Next: 35%
Magic:  0/0        EV:  9    Int:  6    God:    Trog [*.....]
Gold:   37         SH:  0    Dex:  8    Spells: 2/2 levels left

rFire   . . .      SeeInvis .   b - +10 short sword of Vengeance {antimagic, rC- Will+ Int+3}
rCold   . . .      Faith    .   m - orb {mayhem}
rNeg    + + +      Spirit   .   g - +0 scale mail
rPois   ∞          Reflect  .   (no helmet)
rElec   .          Harm     .   (no cloak)
rCorr   .          Rampage  .   (no gloves)
Will    +....                   (no boots)
Stlth   ..........              (no amulet)
HPRegen 0.00/turn               (no ring)
MPRegen 0.07/turn               (no ring)

@: inhibited regen
A: claws 1, cold resistance 1, negative energy resistance 3, inhibited
regeneration, torment resistance 2
a: Renounce Religion


You were on level 3 of the Dungeon.
You worshipped Trog.
Trog was aware of your devotion.
You visited 1 branch of the dungeon, and saw 3 of its levels.

You collected 37 gold pieces.

Inventory:

Hand Weapons
 a - a +0 war axe
 b - the +10 short sword of Vengeance (weapon) {antimagic, rC- Will+ Int+3}
   (You found it on level 2 of the Dungeon)

   It reduces the magical energy of the wielder, and disrupts the spells and
   magical abilities of those it strikes.
   Natural abilities and divine invocations are not affected.
   Int:       It affects your intelligence (+3).
   rC:        It makes you vulnerable to cold.
   Will:      It increases your willpower.
Armour
 c - a +0 buckler
 g - a +0 scale mail (worn)
 m - an orb of mayhem (worn)
Scrolls
 f - a scroll of fog {unknown}
 h - a scroll of holy word {unknown}
 i - 2 scrolls of enchant weapon {unknown}
 k - a scroll of summoning {unknown}
 l - a scroll of identify {unknown}
Potions
 d - 2 potions of might
 e - a potion of flight {unknown}
 j - a potion of invisibility {unknown}


   Skills:
 * Level 3.7 Fighting
 * Level 2.3 Axes
 + Level 2.9 Armour
 + Level 0.7 Dodging
 + Level 2.9 Shields


You had 2 spell levels left.
You didn't know any spells.
Your spell library was empty.

Dungeon Overview and Level Annotations

Branches:
Dungeon (3/15)

Altars:
Trog
Wu Jian


Innate Abilities, Weirdness & Mutations

You thrive by killing the living.
You are immune to poison.
You have sharp fingernails.
Your flesh is cold resistant. (rC+)
You are immune to negative energy. (rN+++)
You do not regenerate when monsters are visible.
You are immune to unholy pain and torment.


Message History

You are too injured to fight recklessly!
The kobold barely misses you.
You hear a shout!
The kobold hits you but does no damage.
Found 8 gold pieces.
You puncture the kobold!
You kill the kobold!
Trog accepts your kill.
You feel better.
Things that are here:
a +0 whip; a kobold corpse You puncture the orc!
You kill the orc!
Trog accepts your kill.
An orc priest comes into view.
It is wielding a +0 falchion of holy wrath.
Items here: )) [ †.
The orc priest shouts!
You puncture the orc!
You kill the orc!
Trog accepts your kill.
Items here: ))) [[ †.
A kobold comes into view. It is wielding a +0 short sword.
The kobold shouts!
The orc priest hits you with a +0 falchion of holy wrath.
You convulse.
You hit the orc priest.
The orc priest is moderately wounded.
The orc priest hits you with a +0 falchion of holy wrath.
* * * LOW HITPOINT WARNING * * *
You convulse.
* * * LOW HITPOINT WARNING * * *
You puncture the orc priest!
The orc priest is severely wounded.
The orc priest barely misses you.
You barely miss the orc priest.
The orc priest is severely wounded.
The orc priest hits you with a +0 falchion of holy wrath.
* * * LOW HITPOINT WARNING * * *
You convulse.
You die...

#.# #.# #.# ##.## .
...... #.##.#
#.##.#.. #)##.#..
.#.#
#########@...#.#....#
......).o....#.#..#.#
.......[K....#.#.....
.............#.#..#
......######.†....#
...... #....#...#
##.#. #....# ..# # #.
######....# ..## .
..........# ...#


You could see an orc priest and a kobold.

Vanquished Creatures
  An adder (D:2)
  3 orcs (D:3)
  A bat (D:3)
  An endoplasm (D:3)
  2 giant cockroaches
  A goblin (D:2)
  3 hobgoblins
  A quokka (D:1)
  2 ball pythons
  A frilled lizard (D:2)
  3 kobolds
  4 rats
23 creatures vanquished.

Notes
Turn   | Place    | Note
-------+----------+-------------------------------------------
     0 | D:1      | HallandMoats the Ghoul Fighter began the quest for the Orb.
     0 | D:1      | Reached XP level 1. HP: 19/19 MP: 0/0
   140 | D:1      | Found a faded altar of an unknown god.
   149 | D:1      | Prayed at the altar of an unknown god.
   149 | D:1      | Became a worshipper of Trog the Wrathful
   149 | D:1      | Reached * piety under Trog
   663 | D:2      | Identified the +10 short sword of Vengeance {antimagic, rC-
                  | Will+ Int+3}
   719 | D:2      | Found an ornate altar of the Wu Jian Council.
   851 | D:2      | Reached XP level 2. HP: 26/26 MP: 0/1
  1424 | D:3      | Reached XP level 3. HP: 31/31 MP: 0/2
  1474 | D:3      | Slain by an orc priest

Illustrated notes

Levels and vault maps discovered:
D:1:      heliophobic_arrival_ceremonial_halls, layout_loops_ring,
          basic_ecumenical_altar
D:2:      layout_loops_cross, basic_altar, chequers_mini_garden
D:3:      layout_basic, portal_sewer_entry_b, grunt_ministairs_7, uniq_natasha

Skill      XL: |  1 |
---------------+----+-----
Axes           | 2 |  2.3
Fighting       | |  3.7
Armour         | |  2.9
Dodging        | |  0.7
Shields        | |  2.9

Action                   || total
-------------------------++-------
Melee: Short sword       ||    40
       War axe           ||     3
Armor: Scale mail        ||    16
Dodge: Dodged            ||    12
Block: Buckler           ||     3

Table legend: (Time is in decaauts)
 A = Elapsed time spent in this place.
 B = Non-inter-level travel time spent in this place.
 C = Inter-level travel time spent in this place.
 D = Time resting spent in this place.
 E = Time spent auto-exploring this place.
 F = Levels seen in this place.
 G = Mean time per level.
                   A        B        C        D        E       F      G
               +--------+--------+--------+--------+--------+-----+--------+
         Total |   1479 |   1447 |     32 |      0 |   1266 |   3 |  493.0 |
       Dungeon |   1479 |   1447 |     32 |      0 |   1266 |   3 |  493.0 |
               +--------+--------+--------+--------+--------+-----+--------+

Top non-repeatable levels by time:
     D:2: 777 daAuts
     D:1: 633 daAuts
     D:3: 68 daAuts
